 Dungeon Crawl Stone Soup version 0.18-a0-1292-ge8ad84c (webtiles) character file.

2260 Ijustatesigmund the Basher (level 9, -4/73 HPs)
             Began as a Demonspawn Fighter on Feb 9, 2016.
             Was an Initiate of Okawaru.
             Killed by the air
             ... invoked by Gastronok
              (21 damage)
             ... on level 8 of the Dungeon.
             The game lasted 00:11:54 (4738 turns).

Ijustatesigmund the Basher (Demonspawn Fighter)     Turns: 4738, Time: 00:11:54

Health: -4/73      AC: 10    Str: 22    XL:     9   Next: 15%
Magic:  9/9        EV:  7    Int: 11    God:    Okawaru [......]
Gold:   401        SH:  9    Dex: 14    Spells: 0 memorised, 8 levels left

rFire  . . .     SeeInvis +     a - +2 flail
rCold  . . .     Gourm    .     b - +0 scale mail
rNeg   . . .     Faith    .     c - +0 shield
rPois  +         Spirit   .     m - +0 helmet
rElec  .         Dismiss  .     (no cloak)
rCorr  .         Reflect  .     p - +1 pair of gloves
SustAt .         Harm     .     (no boots)
MR     .....                    (no amulet)
Stlth  ..........               d - ring of poison resistance
                                o - ring of see invisible

@: mighty, not resistant to hostile enchantments, extremely unstealthy
A: icy blue scales 1, spiny 3
a: Renounce Religion


You were on level 8 of the Dungeon.
You worshipped Okawaru.
Okawaru was noncommittal.
You were hungry.

You visited 2 branches of the dungeon, and saw 9 of its levels.

You collected 401 gold pieces.

Inventory:

Hand Weapons
 a - a +2 flail (weapon)
Armour
 b - a +0 scale mail (worn)
 c - a +0 shield (worn)
 m - a +0 helmet (worn)
 p - a +1 pair of gloves (worn)
Jewellery
 d - a ring of poison resistance (right hand)
 j - an uncursed ring of wizardry
 o - a ring of see invisible (left hand)
 q - an uncursed ring of ice
 r - an uncursed ring of sustain attributes
 s - an uncursed ring of resist corrosion
 w - an uncursed ring of wizardry
Wands
 n - a wand of polymorph (16/24)
 x - a wand of flame (22/48)
 C - a wand of flame (35/48)
 I - a wand of iceblast (3/15)
Scrolls
 l - 4 scrolls of remove curse
 y - 3 scrolls of amnesia
 B - 2 scrolls of teleportation
Potions
 k - 6 potions of curing
 t - 2 potions of mutation
 A - a potion of invisibility
 D - 2 potions of brilliance {unknown}
 F - a potion of flight
 G - a potion of berserk rage {unknown}
Books
 i - a book of the Earth

   Spells                             Type                      Level
   a - Leda's Liquefaction            Hexes/Earth                  4
   b - Bolt of Magma                  Conjuration/Fire/Earth       5
   c - Statue Form                    Transmutation/Earth          6
   d - Iron Shot                      Conjuration/Earth            6
   e - Shatter                        Earth                        9
 z - Sif Muna's Disquisition on Confrontation
   (You found it on level 6 of the Dungeon)

   Spells                             Type                      Level
   a - Sting                          Conjuration/Poison           1
 E - a book of Death

   Spells                             Type                      Level
   a - Corpse Rot                     Necromancy                   2
   b - Sublimation of Blood           Necromancy                   2
   c - Agony                          Necromancy                   5
   d - Dispel Undead                  Necromancy                   5
   e - Excruciating Wounds            Charms/Necromancy            5
   f - Bolt of Draining               Conjuration/Necromancy       5
Comestibles
 f - 6 bread rations
 g - 4 beef jerkies
 h - 4 slices of pizza
 u - 8 fruits
 v - 2 meat rations


   Skills:
 + Level 7.7 Fighting
 * Level 9.3 Maces & Flails
 - Level 2.6 Armour
 - Level 2.6 Shields


You had 8 spell levels left.
You didn't know any spells.

Dungeon Overview and Level Annotations

Branches:
Dungeon (8/15)             Temple (1/1) D:7
   Lair: D:8-11

Altars:
Elyvilon
Gozag
Kikubaaqudgha
Makhleb
Nemelex Xobeh
Okawaru
Qazlal
Ru
Sif Muna
Trog
Vehumet
Xom
Yredelemnul
Zin

Shops:
D:5 =   D:7 [

Annotations:
D:8 Gastronok


Innate Abilities, Weirdness & Mutations

You are partially covered in icy blue scales (AC +1).
You are completely covered in sharp spines.


Message History

You thump Gastronok!
Gastronok is moderately wounded.
Gastronok bites you!!
You sock Gastronok!
Gastronok is heavily wounded.
You bludgeon Gastronok!!
Gastronok is severely wounded.
Gastronok bites you.
* * * LOW HITPOINT WARNING * * *
Drink which item? (? for menu, Esc to quit)
You feel much better.
You sock Gastronok!
Gastronok is severely wounded.
Gastronok is struck by your spines. Gastronok bites you!!
* * * LOW HITPOINT WARNING * * *
You sock Gastronok!
Gastronok is almost dead.
Gastronok waves his eye-stalks in wide circles.
The air twists around and strikes you!
You die...

##
########...
#<.......#
#.#####..##.
#.##w.......
#.##@# .
#.##.##....
#.......#
#.....####
#.##### #.
#. #. #.


You could see Gastronok.

Vanquished Creatures
  Pikel (D:4)
  Grinder (D:5)
  Edmund (D:4)
  Menkaure (D:7)
  A water moccasin (D:7)
  A slave (D:4)
  A phantom (D:4)
  A centaur (D:5)
  3 giant frogs
  3 scorpions (D:6)
  3 crimson imps
  A hound (D:7)
  2 giant frog skeletons (D:7)
  4 orc wizards
  3 iguanas
  5 worker ants
  2 hound zombies
  A hound skeleton (D:4)
  A worker ant zombie (D:5)
  Robin (D:2)
  9 adders
  4 gnolls (D:6)
  2 worms
  2 giant geckos
  14 orcs
  4 bats
  3 giant cockroaches
  13 goblins
  5 hobgoblins
  4 jackals (D:7)
  4 quokkas
  3 giant newts
  A jackal skeleton (D:4)
  3 kobolds (D:3)
  A quokka zombie (D:5)
  11 rats
120 creatures vanquished.

Notes
Turn   | Place    | Note
--------------------------------------------------------------
     0 | D:1      | Ijustatesigmund the Demonspawn Fighter began the quest for the Orb.
     0 | D:1      | Reached XP level 1. HP: 18/18 MP: 1/1
   228 | D:1      | Gained mutation: You are partially covered in sharp spines. [demonic ancestry]
   228 | D:1      | Reached XP level 2. HP: 14/24 MP: 2/2
   668 | D:2      | Noticed Robin
   687 | D:2      | Killed Robin
   701 | D:2      | Gained mutation: You are mostly covered in sharp spines. [demonic ancestry]
   701 | D:2      | Reached XP level 3. HP: 29/29 MP: 3/3
  1161 | D:3      | Reached XP level 4. HP: 33/37 MP: 4/4
  1441 | D:3      | Reached skill level 4 in Fighting
  2041 | D:4      | Noticed Edmund
  2043 | D:4      | Gained mutation: You are partially covered in icy blue scales (AC +1). [demonic ancestry]
  2043 | D:4      | Reached XP level 5. HP: 23/42 MP: 5/5
  2053 | D:4      | Killed Edmund
  2053 | D:4      | Gained mutation: You are completely covered in sharp spines. [demonic ancestry]
  2053 | D:4      | Reached XP level 6. HP: 43/49 MP: 6/6
  2095 | D:4      | Noticed a slave
  2097 | D:4      | Noticed Pikel
  2098 | D:4      | Noticed a slave
  2098 | D:4      | Noticed a slave
  2098 | D:4      | Noticed a slave
  2102 | D:4      | Killed a slave
  2110 | D:4      | Killed Pikel
  2110 | D:4      | Reached skill level 5 in Fighting
  2110 | D:4      | Reached skill level 6 in Maces & Flails
  2110 | D:4      | Reached XP level 7. HP: 44/57 MP: 7/7
  2548 | D:5      | Entered Level 5 of the Dungeon
  2594 | D:5      | Found a stormy altar of Qazlal.
  2653 | D:5      | Found Beto's Jewellery Emporium.
  2745 | D:5      | Noticed Grinder
  2760 | D:5      | Paralysed by Grinder for 2 turns
  2769 | D:5      | Killed Grinder
  2769 | D:5      | Reached skill level 7 in Maces & Flails
  2769 | D:5      | Reached XP level 8. HP: 36/65 MP: 8/8
  3112 | D:5      | Found an ancient bone altar of Kikubaaqudgha.
  3315 | D:6      | Found a stormy altar of Qazlal.
  3506 | D:6      | Found a deep blue altar of Sif Muna.
  3508 | D:6      | Reached skill level 8 in Maces & Flails
  4008 | D:6      | Identified Sif Muna's Disquisition on Confrontation (You found it on level 6 of the Dungeon)
  4102 | D:7      | Found Faranoi's Armour Emporium.
  4168 | D:7      | Noticed Menkaure
  4177 | D:7      | Killed Menkaure
  4177 | D:7      | Reached skill level 9 in Maces & Flails
  4177 | D:7      | Reached XP level 9. HP: 42/72 MP: 9/9
  4368 | D:7      | Found a white marble altar of Elyvilon.
  4461 | D:7      | Found a burning altar of Makhleb.
  4462 | D:7      | Found a sparkling altar of Nemelex Xobeh.
  4465 | D:7      | Found a stormy altar of Qazlal.
  4604 | D:7      | Found a staircase to the Ecumenical Temple.
  4622 | Temple   | Entered the Ecumenical Temple
  4649 | Temple   | Became a worshipper of Warmaster Okawaru
  4724 | D:8      | Noticed Gastronok
  4738 | D:8      | Killed from afar by Gastronok

Vault maps used:
D:1:      lightli_arrival_quake
D:2:      uniq_robin
D:3:      wad_lake_hut, minmay_misc_feat_encased, grunt_ministairs_9, hex_tiny,
          minmay_box_of_dots
D:4:      kennysheep_generic_room_7, uniq_pikel, uniq_edmund
D:5:      kennysheep_mini_moat, basic_altar, first_bread, serial_shops,
          nicolae_shop_trees, uniq_grinder
D:6:      led_sif_book, minmay_misc_feat_enclosed, grunt_qazlal_sundering
D:7:      lemuel_round_altar, minitemple, minmay_temple_entry_nine_rooms,
          serial_shops, nicolae_shop_trees, uniq_menkaure
D:8:      uniq_erolcha, uniq_gastronok
Temple:   circular_temple_12

Action                   |  1- 3 |  4- 6 |  7- 9 || total
-------------------------+-------+-------+-------++-------
Melee: Flail             |    77 |    53 |   147 ||   277
  Use: Scroll            |       |     9 |     8 ||    17
       Potion            |       |     2 |     3 ||     5
  Eat: Chunk             |     1 |     3 |     6 ||    10
       Pizza             |       |       |     1 ||     1
